 Dungeon Crawl Stone Soup version 0.27.1-33-g824d729ab1 (webtiles) character file.

Game seed: 8774553001038139016

5877 Kaiern the Cleaver (level 10, -5/93 HPs)
             Began as a Minotaur Fighter on Nov 29, 2021.
             Was a Follower of Yredelemnul.
             Slain by Snorg (12 damage)
             ... on level 10 of the Dungeon on Dec 1, 2021.
             The game lasted 00:36:19 (9581 turns).

Kaiern the Cleaver (Minotaur Fighter)               Turns: 9581, Time: 00:36:20

Health: -5/93      AC: 22    Str: 25    XL:     10   Next: 52%
Magic:  12/12      EV: 21    Int:  5    God:    Yredelemnul [*.....]
Gold:   269        SH: 12    Dex: 15    Spells: 9/9 levels left

rFire    . . .     SeeInvis .   a - +1 war axe
rCold    + . .     Faith    .   c - +1 kite shield
rNeg     . . .     Spirit   .   x - +4 chain mail {rPois}
rPois    +         Reflect  .   (helmet restricted)
rElec    .         Harm     .   E - +1 cloak
rCorr    .         Rampage  .   C - +2 pair of gloves
Will     .....                  q - +0 pair of boots
Stlth    ..........             A - amulet of the acrobat
HPRegen  0.25/turn              s - ring of protection from cold
MPRegen  0.13/turn              B - +6 ring of dexterity

@: acrobatic
A: horns 2, retaliatory headbutt
a: Renounce Religion, Animate Remains


You were on level 10 of the Dungeon.
You worshipped Yredelemnul.
Yredelemnul was aware of your devotion.
You visited 2 branches of the dungeon, and saw 11 of its levels.

You collected 582 gold pieces.
You spent 313 gold pieces at shops.

Inventory:

Hand Weapons
 a - a +1 war axe (weapon)
Missiles
 e - 359 stones
 u - 22 poisoned darts
 y - 12 boomerangs (quivered)
Armour
 c - a +1 kite shield (worn)
 q - a +0 pair of boots (worn)
 x - a +4 chain mail of poison resistance (worn)
 C - a +2 pair of gloves (worn)
 E - a +1 cloak (worn)
Jewellery
 b - an amulet of regeneration
 h - an amulet of magic regeneration
 s - a ring of protection from cold (left hand)
 A - an amulet of the acrobat (around neck)
 B - a +6 ring of dexterity (right hand)
Wands
 p - a wand of polymorph (19)
Scrolls
 f - 2 scrolls of enchant weapon
 g - a scroll of identify
 n - a scroll of immolation {unknown}
 o - a scroll of blinking {unknown}
 v - a scroll of amnesia
 w - a scroll of silence {unknown}
 F - a scroll of magic mapping {unknown}
Potions
 d - a potion of might
 i - 3 potions of brilliance
 j - 2 potions of haste
 k - 3 potions of heal wounds
 l - 8 potions of curing
 t - 3 potions of mutation
 z - a potion of berserk rage
 D - a potion of cancellation


   Skills:
 - Level 10.0 Fighting
 + Level 10.2 Axes
 + Level 4.9 Throwing
 - Level 10.0 Armour
 + Level 5.0 Shields
 + Level 5.2 Invocations


You had 9 spell levels left.
You didn't know any spells.
Your spell library contained the following spells:

 Spells                   Type           Power      Damage    Failure   Level
 Shock                    Conj/Air       0%         1d3       100%        1
 Ignite Poison            Fire/Tmut/Pois 0%         N/A       100%        3
 Mephitic Cloud           Conj/Pois/Air  0%         N/A       100%        3
 Swiftness                Air            0%         N/A       100%        3
 Airstrike                Air            0%         N/A       100%        4
 Bolt of Magma            Conj/Fire/Erth 0%         4d4       100%        5
 Freezing Cloud           Conj/Ice/Air   0%         6-21      100%        5
 Spellforged Servitor     Conj/Summ      0%         N/A       100%        7
 Discord                  Hex            0%         N/A       100%        8


Dungeon Overview and Level Annotations

Branches:
Dungeon (10/15)            Temple (1/1) D:6            Lair (0/6) D:9
    Orc: D:9-12

Altars:
Ashenzari
Cheibriados
Dithmenos
Elyvilon
Fedhas
Hepliaklqana
Kikubaaqudgha
Makhleb
Nemelex Xobeh
Okawaru
Qazlal
Ru
Sif Muna
Trog
Uskayaw
Vehumet
Wu Jian
Xom
Yredelemnul
Zin
The Shining One

Shops:
D:6 [

Annotations:
D:8 Gastronok
D:10 Snorg


Innate Abilities, Weirdness & Mutations

You have a pair of horns on your head.
You reflexively headbutt those who attack you in melee.


Message History

Snorg bites you!! Snorg claws you! Snorg barely misses you.
Snorg closely misses you. You block Snorg's attack. x2
Nergalle hits Snorg with a +4 dagger of venom!
Snorg looks as sick as possible!
Nergalle hits Snorg with a +4 dagger of venom.
Snorg barely misses Nergalle.
Snorg claws Nergalle!
Snorg completely misses Nergalle.
Snorg closely misses Nergalle.
Snorg claws Nergalle but does no damage.
Snorg closely misses Nergalle.
Nergalle hits Snorg with a +4 dagger of venom.
Snorg looks as sick as possible!
Snorg bites Nergalle!!
Nergalle is destroyed!
Snorg barely misses you. You furiously retaliate!
You headbutt Snorg. Snorg completely misses you.
Snorg claws you but does no damage.
Snorg rages.
Snorg completely misses you. Snorg claws you but does no damage.
You block Snorg's attack. Snorg closely misses you. You furiously retaliate!
You headbutt Snorg! Snorg closely misses you. Snorg misses you.
You barely miss Snorg. You headbutt Snorg!
Snorg is severely wounded.
Snorg bites you. Snorg claws you.
* * * LOW HITPOINT WARNING * * *
You block Snorg's attack. Snorg bites you but does no damage. Snorg claws you.
* * * LOW HITPOINT WARNING * * *
Snorg claws you but does no damage.
You slash Snorg! You headbutt Snorg.
Snorg is severely wounded.
Snorg bites you.
* * * LOW HITPOINT WARNING * * *
Snorg claws you but does no damage. You block Snorg's attack.
Snorg bites you but does no damage. Snorg claws you but does no damage.
Snorg claws you!
* * * LOW HITPOINT WARNING * * *
You block Snorg's attack. x2; Snorg claws you but does no damage.
Snorg bites you!
You die...
Your body rises from the dead as a mindless zombie.

#......## #...........
#..##....## ##...........
#}. #.....### #............
#. #.......## #.....####...
.. ##.......###
##...######... .
#.........#####..###
##..... .
##............#..##
##......
#................###.......
#........T@................
##.........#...............
#.......###..#............
#.....### ................
#.....# #................
#....## #................
......# #................
.......# #.....#....
##.....#


You could see Snorg (berserk, very poisoned).

Vanquished Creatures
  A boulder beetle (D:8)
  Nergalle (D:10)
  A gargoyle (D:5)
  An unseen horror (D:6)
  A troll (D:8)
  Prince Ribbit (D:7)
  Sigmund (D:2)
  A vampire (D:9)
  A wyvern (D:8)
  2 water moccasins
  Duvessa (D:7)
  A necrophage (D:7)
  An orc warrior (D:8)
  A black bear (D:4)
  3 ogres
  2 wolves (D:9)
  6 centaurs
  2 bullfrogs
  Dowan (D:7)
  A water moccasin skeleton (D:5)
  10 wights
  2 electric eels (D:9)
  A jelly (D:6)
  A bullfrog zombie (D:5)
  2 centaur zombies
  3 orc priests
  3 hounds (D:9)
  Natasha (thrice) (D:2)
  4 orc wizards
  Terence (D:2)
  A hound zombie (D:5)
  A hound skeleton (D:4)
  2 howler monkey zombies (D:8)
  10 adders
  A white imp (D:4)
  2 ufetubi
  A worm (D:2)
  A dart slug (D:5)
  12 orcs
  11 ball pythons
  5 bats
  6 endoplasms
  3 giant cockroaches
  4 hobgoblins
  A jackal (D:1)
  6 quokkas
  A frilled lizard (D:1)
  9 goblins
  9 kobolds
  31 rats
  A bush (D:7)
178 creatures vanquished.

Vanquished Creatures (collateral kills)
  An unseen horror (D:10)
1 creature vanquished.

Vanquished Creatures (others)
  An orc zombie (D:10)
  4 plants (D:6)
5 creatures vanquished.

Grand Total: 184 creatures vanquished

Notes
Turn   | Place    | Note
-------+----------+-------------------------------------------
     0 | D:1      | Kaiern the Minotaur Fighter began the quest for the Orb.
     0 | D:1      | Reached XP level 1. HP: 19/19 MP: 0/0
   157 | D:1      | Reached XP level 2. HP: 27/27 MP: 1/1
   708 | D:1      | Reached XP level 3. HP: 33/33 MP: 2/2
  1307 | D:2      | Noticed Terence
  1316 | D:2      | Killed Terence
  1317 | D:2      | Reached XP level 4. HP: 38/41 MP: 3/3
  1343 | D:2      | Noticed Sigmund
  1362 | D:2      | Killed Sigmund
  1363 | D:2      | Reached skill level 5 in Fighting
  1363 | D:2      | Reached skill level 5 in Armour
  1363 | D:2      | Reached XP level 5. HP: 46/48 MP: 4/4
  1424 | D:2      | Found a faded altar of an unknown god.
  1459 | D:2      | Noticed Natasha
  1473 | D:2      | Killed Natasha
  1474 | D:2      | Reached XP level 6. HP: 49/56 MP: 5/5
  1747 | D:2      | Noticed Natasha
  1757 | D:2      | Killed Natasha
  1758 | D:2      | Reached skill level 5 in Axes
  1911 | D:2      | Noticed Natasha
  1917 | D:2      | Killed Natasha
  3549 | D:4      | Reached XP level 7. HP: 62/63 MP: 6/6
  3636 | D:4      | Found a white marble altar of Elyvilon.
  3636 | D:4      | Found a shadowy altar of Dithmenos.
  3720 | D:4      | Found a shimmering altar of Xom.
  3722 | D:4      | Found a shimmering altar of Xom.
  3723 | D:4      | Found a shimmering altar of Xom.
  3724 | D:4      | Found a shimmering altar of Xom.
  3726 | D:4      | Found a shimmering altar of Xom.
  3751 | D:4      | Found a shimmering altar of Xom.
  3751 | D:4      | Found a shimmering altar of Xom.
  4275 | D:5      | Entered Level 5 of the Dungeon
  4404 | D:5      | Reached skill level 1 in Throwing
  4642 | D:5      | Noticed a gargoyle
  4650 | D:5      | Killed a gargoyle
  4651 | D:5      | Reached XP level 8. HP: 21/73 MP: 7/7
  4938 | D:5      | Found a hazy altar of Hepliaklqana.
  5164 | D:6      | Found an iron altar of Okawaru.
  5210 | D:6      | Killed an unseen horror
  5378 | D:6      | Found a staircase to the Ecumenical Temple.
  5474 | Temple   | Entered the Ecumenical Temple
  5632 | Temple   | Became a worshipper of Yredelemnul the Dark
  5810 | D:6      | Found Viedghyiz's Armour Emporium.
  5818 | D:6      | Bought a +4 chain mail of poison resistance for 313 gold
                  | pieces
  5903 | D:7      | Reached XP level 9. HP: 81/82 MP: 8/8
  5974 | D:7      | Noticed Prince Ribbit
  6322 | D:7      | Killed Prince Ribbit
  6323 | D:7      | Reached skill level 1 in Invocations
  6426 | D:7      | Found an ancient bone altar of Kikubaaqudgha.
  6721 | D:7      | Noticed Duvessa
  6722 | D:7      | Noticed Dowan
  6729 | D:7      | Killed Duvessa
  6735 | D:7      | Killed Dowan
  6916 | D:8      | Noticed Gastronok
  7280 | D:8      | Found a sparkling altar of Nemelex Xobeh.
  7519 | D:8      | Found a burning altar of Makhleb.
  7795 | D:8      | Identified the +0 helmet of the Hunter {+Inv rC- Int+3
                  | Dex+5}
  7880 | D:8      | Noticed a boulder beetle
  7894 | D:8      | Found a bloodstained altar of Trog.
  7897 | D:8      | Killed a boulder beetle
  7898 | D:8      | Reached XP level 10. HP: 41/92 MP: 11/11
  8253 | D:9      | Reached skill level 10 in Armour
  8319 | D:9      | Reached skill level 10 in Fighting
  8520 | D:10     | Entered Level 10 of the Dungeon
  8537 | D:9      | Found a blossoming altar of Fedhas.
  8656 | D:9      | Found a staircase to the Lair.
  8678 | D:9      | Reached * piety under Yredelemnul
  9038 | D:9      | Identified the +5 quarterstaff "Sess" {antimagic, Will+
                  | Stlth+}
  9343 | D:10     | Noticed Nergalle
  9365 | D:10     | Killed Nergalle
  9366 | D:10     | Reached skill level 10 in Axes
  9366 | D:10     | Reached skill level 5 in Invocations
  9479 | D:10     | Reached skill level 5 in Shields
  9482 | D:10     | Got the Papyrus of Damaging Bewitchment
  9555 | D:10     | Noticed Snorg
  9568 | D:10     | Your ally Nergalle died
  9581 | D:10     | Slain by Snorg

Illustrated notes

Levels and vault maps discovered:
D:1:      dpeg_arrival_rooms_with_view, layout_basic, minmay_misc_feat_square,
          minmay_rat_gold_closets
D:2:      layout_basic, ebering_ecumenical_altar_rust, serial_curves,
          eino_curves_04, eino_curves_04, minmay_rat_hole, uniq_terence,
          uniq_natasha, uniq_sigmund
D:3:      layout_basic, interstate_on_off, minmay_misc_feat_doors
D:4:      layout_basic, nicolae_xom_altar_mimics,
          gammafunk_temple_overflow_pools, serial_park_tiny_1,
          kennysheep_path_1, minmay_misc_feat_plants
D:5:      layout_loops_ring, lemuel_coloured_pillars_altar
D:6:      layout_rooms, overflow_temple_1_default,
          minmay_temple_entry_enclosed_plants, serial_shops, shop,
          chequers_serial_rivers_room_b, minmay_misc_feat_secret_circle
D:7:      layout_basic, old_standard_altar, minmay_liquid_box,
          kb_lookout_dungeons_type, uniq_duvessa, uniq_prince_ribbit1
D:8:      layout_basic, marbit_many_paths, mainiacjoe_overflow_surrounded_room,
          lemuel_crystal_altar, kennysheep_generic_room_8, uniq_gastronok
D:9:      layout_rooms, fedhas_altar_2, erik_lair_island
D:10:     layout_layer_cave, nicolae_gozag_cash_rules_everything_around_me,
          serial_bayou, serial_bayou_pond_c, serial_bayou_ford_a,
          serial_bayou_pond_c, serial_bayou_crossing, uniq_fannar, uniq_snorg,
          uniq_nergalle
Temple:   chequers_temple_sunken

Skill      XL: |  1  2  3  4  5  6  7  8  9 10 |
---------------+-------------------------------+-----
Fighting       | 4 5 6 7 8 9 10 | 10.0
Armour         | 4 5 6 7 8 9 10 | 10.0
Axes           | 3 4 5 6 7 9 10 | 10.2
Throwing       | 2 4 |  4.9
Invocations    | 3 5 |  5.2
Shields        | 5 |  5.0

Action                   |  1- 3 |  4- 6 |  7- 9 | 10-12 || total
-------------------------+-------+-------+-------+-------++-------
Melee: War axe           |   111 |   122 |   216 |    71 ||   520
       Headbutt          |    17 |    15 |    53 |    24 ||   109
       Unarmed           |       |       |     1 |       ||     1
Throw: Stone             |     1 |       |       |       ||     1
       Dart              |       |       |    14 |     1 ||    15
       Boomerang         |       |       |       |    22 ||    22
Invok: Animate Remains   |       |       |       |     2 ||     2
  Use: Scroll            |       |     4 |     2 |     6 ||    12
 Stab: Distracted        |       |       |       |     1 ||     1
Armor: Scale mail        |    59 |       |       |       ||    59
       Chain mail        |       |    65 |    93 |    66 ||   224
       Skin              |       |       |     6 |       ||     6
Dodge: Dodged            |    32 |    18 |    58 |    55 ||   163
Block: Kite shield       |    47 |    59 |   134 |    69 ||   309
